 Dungeon Crawl Stone Soup version 0.30-a0-137-gd8773701ce (webtiles) character file.

Game seed: 3429866720624878298

455 zishaf the Gusty (level 7, -5/41 HPs)
             Began as a Tengu Air Elementalist on Sept 23, 2022.
             Slain by a mummy (13 damage)
             ... in an ossuary.
             The game lasted 00:07:23 (4488 turns).

zishaf the Gusty (Tengu Air Elementalist)           Turns: 4488, Time: 00:07:24

Health: -5/41      AC:  4    Str:  8    XL:     7   Next: 5%
Magic:  21/21      EV: 14    Int: 18    God:
Gold:   164        SH:  0    Dex: 14    Spells: 2/12 levels left

rFire   . . .      SeeInvis .    c - +1 dagger
rCold   . . .      Faith    .    (no shield)
rNeg    + . .      Spirit   .    g - +1 leather armour {rN+}
rPois   .          Reflect  .    (helmet restricted)
rElec   .          Harm     .    (no cloak)
rCorr   .          Rampage  .    (no gloves)
Will    .....                    (boots unavailable)
Stlth   ++........               f - amulet of magic regeneration
HPRegen 0.13/turn                l - ring of magical power
MPRegen 0.57/turn                (no ring)

@: brilliant, marked, flying quickly and evasively, quick
A: beak, talons 3, nimble flight
a: no special abilities


You were in an ossuary.
You visited 1 branch of the dungeon, and saw 4 of its levels.
You also visited: Ossuary.

You collected 164 gold pieces.

Inventory:

Hand Weapons
 c - a +1 dagger (weapon)
Missiles
 h - 2 datura-tipped darts
 i - 2 curare-tipped darts
Armour
 a - a +0 robe
 g - a +1 leather armour of positive energy (worn)
Jewellery
 f - an amulet of magic regeneration (around neck)
 l - a ring of magical power (left hand)
Scrolls
 d - a scroll of brand weapon {unknown}
Potions
 b - a potion of magic
 e - a potion of brilliance
 j - a potion of heal wounds {unknown}
 o - a potion of flight {unknown}
 q - a potion of curing


   Skills:
 + Level 3.5 Fighting
 - Level 2.1 Dodging
 - Level 2.0 Stealth
 - Level 3.0 Spellcasting
 + Level 5.0 Conjurations
 + Level 6.5 Air Magic


You had 2 spell levels left.
You knew the following spells:

 Your Spells              Type           Power      Damage    Failure   Level
a - Shock                 Conj/Air       100%       1d9       2%          1
b - Airstrike             Air            19%        2d(3-19)  16%         4
A - Static Discharge      Conj/Air       70%        2-5/arc   3%          2
C - Swiftness             Air            39%        N/A       4%          3

Your spell library contained the following spells:

 Spells                   Type           Power      Damage    Failure   Level
 Cause Fear               Hex            2%         N/A       93%         4
 Dragon Form              Tmut           2%         N/A       100%        7
 Dragon's Call            Summ           2%         N/A       100%        9


Dungeon Overview and Level Annotations

Branches:
Dungeon (4/15)            Ossuary (1/1)
 Temple: D:4-7

Altars:


Innate Abilities, Weirdness & Mutations

You have a beak for a mouth.
You have claws for feet.
Your magical nature lets you fly swiftly and evasively.


Message History

* * * LOW HITPOINT WARNING * * *
The lightning grounds out.
The adder zombie barely misses you.
You feel better. The adder zombie completely misses you.
You hit the adder zombie. You claw the adder zombie.
Your peck misses the adder zombie.
The adder zombie is almost destroyed.
The adder zombie barely misses you.
You barely miss the adder zombie.
The adder zombie is almost destroyed.
The adder zombie closely misses you.
Casting: Static Discharge (safe; 3% risk of failure)
Confirm with . or Enter, or press ? or * to list all spells.
You feel a surge of power!
The kobold zombie is struck by an arc of lightning.
The kobold zombie is heavily damaged.
The adder zombie is struck by an arc of lightning.
You destroy the adder zombie!
The lightning grounds out.
The kobold zombie completely misses you.
Your Conjurations skill increases to level 5!
The orc zombie closely misses you. The kobold zombie closely misses you.
The orc zombie hits you but does no damage.
A kobold zombie comes into view.
An orc zombie comes into view.
A kobold zombie comes into view.
A mummy comes into view.
The kobold zombie barely misses you.
A goblin zombie comes into view.
The kobold zombie completely misses you.
The orc zombie hits you but does no damage.
An elf zombie comes into view.
The kobold zombie hits you but does no damage.
The mummy hits you.
* * * LOW HITPOINT WARNING * * *
The goblin zombie hits you.
* * * LOW HITPOINT WARNING * * *
A hobgoblin zombie comes into view.
The mummy hits you!
You die...

######################
#....................#
#....@M.ZZ.Z.........#
#....ZZ.Z8Z.8........#
#....Z......Z........#
#...######..######...#
#..Z# #..# #...# #...#
#^.# #...# #...# #..#
#...#
#...#.Z..Z.......#...#
#...#.####.......#...#


You could see a mummy, a goblin zombie, 2 hobgoblin zombies, 3 kobold zombies, 2
orc zombies, an elf zombie and a human zombie.

Vanquished Creatures
  A black bear (D:3)
  An ogre (D:3)
  2 centaur zombies (Ossuary)
  An orc priest (D:3)
  Terence (D:3)
  5 adders
  An adder zombie (Ossuary)
  2 worms
  6 dart slugs
  5 orcs (D:3)
  4 bats
  9 endoplasms
  A giant cockroach (D:1)
  7 goblins
  3 hobgoblins
  3 jackals (D:3)
  7 kobolds
  4 quokkas
  5 ball pythons
  A frilled lizard (D:3)
  4 hobgoblin zombies (Ossuary)
  9 kobold zombies (Ossuary)
  8 orc zombies (Ossuary)
  8 rats
98 creatures vanquished.

Vanquished Creatures (others)
  A plant (D:1)
  4 withered plants (D:1)
5 creatures vanquished.

Grand Total: 103 creatures vanquished

Notes
Turn   | Place    | Note
-------+----------+-------------------------------------------
     0 | D:1      | zishaf the Tengu Air Elementalist began the quest for the
                  | Orb.
     0 | D:1      | Reached XP level 1. HP: 10/10 MP: 4/4
   279 | D:1      | Reached XP level 2. HP: 9/16 MP: 0/6
   795 | D:1      | Found a faded altar of an unknown god.
  1132 | D:1      | Reached skill level 1 in Fighting
  1135 | D:1      | Learned a level 2 spell: Static Discharge
  1692 | D:2      | Reached XP level 3. HP: 12/20 MP: 1/7
  1696 | D:2      | Learned a level 3 spell: Swiftness
  2125 | D:2      | Reached XP level 4. HP: 25/25 MP: 6/8
  2704 | D:3      | Reached skill level 5 in Air Magic
  2704 | D:3      | Gained mutation: Your magical nature lets you fly swiftly
                  | and evasively. [Tengu growth]
  2704 | D:3      | Reached XP level 5. HP: 18/30 MP: 10/10
  2862 | D:3      | Noticed a black bear
  2887 | D:3      | Killed a black bear
  2906 | D:3      | Learned a level 4 spell: Airstrike
  3176 | D:3      | Reached XP level 6. HP: 36/36 MP: 11/11
  3221 | D:3      | Reached skill level 6 in Air Magic
  3337 | D:3      | Noticed Terence
  3357 | D:3      | Killed Terence
  3929 | D:4      | Found a sand-covered staircase.
  3951 | Ossuary  | Entered an ossuary
  4434 | Ossuary  | Reached XP level 7. HP: 6/41 MP: 12/12
  4474 | Ossuary  | Reached skill level 5 in Conjurations
  4488 | Ossuary  | Slain by a mummy

Illustrated notes

Levels and vault maps discovered:
D:1:      lightli_arrival_windingriver, layout_loops_corners,
          shapermc_ecumenical_altar_flowoftime
D:2:      layout_loops_ring
D:3:      layout_loops_ring, uniq_terence
D:4:      layout_loops_ring, nicolae_ossuary_entry_giza, columned_hall_lemuel,
          minmay_misc_feat_tower, amcnicky_mini_corridor_feature, uniq_duvessa,
          uniq_edmund, uniq_pikel
Ossuary:  ossuary_tomb_1

Skill      XL: |  1  2  3  4  5  6  7 |
---------------+----------------------+-----
Conjurations   | 2 3 4 5 |  5.0
Fighting       | 1 2 3 |  3.5
Air Magic      | 5 6 |  6.5
Spellcasting   | 3 |  3.0
Dodging        | |  2.1
Stealth        | |  2.0

Action                   |  1- 3 |  4- 6 |  7- 9 || total
-------------------------+-------+-------+-------++-------
Melee: Dagger            |     8 |    13 |     2 ||    23
       Peck              |     2 |     3 |       ||     5
       Kick              |     1 |     4 |     1 ||     6
 Cast: Shock             |    69 |    87 |       ||   156
       Static Discharge  |     6 |    31 |     2 ||    39
  Use: Scroll            |       |     5 |       ||     5
       Potion            |       |     1 |     2 ||     3
Armor: Robe              |     4 |       |       ||     4
       Leather armour    |     2 |    19 |     3 ||    24
Dodge: Dodged            |     5 |    41 |     9 ||    55

Table legend: (Time is in decaauts)
 A = Elapsed time spent in this place.
 B = Non-inter-level travel time spent in this place.
 C = Inter-level travel time spent in this place.
 D = Time resting spent in this place.
 E = Time spent auto-exploring this place.
 F = Levels seen in this place.
 G = Mean time per level.
                   A        B        C        D        E       F      G
               +--------+--------+--------+--------+--------+-----+--------+
         Total |   4405 |   4145 |    260 |    481 |   2999 |   5 |  881.0 |
       Dungeon |   3883 |   3623 |    260 |    134 |   2997 |   4 |  970.8 |
       Ossuary |    522 |    522 |      0 |    347 |      2 |   1 |  522.0 |
               +--------+--------+--------+--------+--------+-----+--------+

Top non-repeatable levels by time:
     D:1: 1686 daAuts
     D:3: 1210 daAuts
     D:2: 946 daAuts
 Ossuary: 522 daAuts
     D:4: 39 daAuts
